 Dungeon Sprint DCSS version 0.26-a0-708-g17f3b190f9 (webtiles) character file.

Game seed: 5010607968502881170

25 olmar the Skirmisher (level 3, -5/34 HPs)
             Began as a Ghoul Fighter on Oct 28, 2020.
             Slain by an ogre
             ... wielding a +0 giant club
              (16 damage)
             ... in the Dungeon (Sprint I: "Red Sonja").
             The game lasted 00:00:30 (158 turns).

olmar the Skirmisher (Ghoul Fighter)                 Turns: 158, Time: 00:00:30

Health: -5/34      AC:  7    Str: 20    XL:     3   Next: 4%
Magic:  2/2        EV:  7    Int:  3    God:
Gold:   0          SH:  9    Dex:  8    Spells: 2/2 levels left

rFire    . . .     SeeInvis .     - Unarmed
rCold    + . .     Faith    .   b - +0 kite shield
rNeg     + + +     Spirit   .   a - +0 scale mail
rPois    ∞         Reflect  .   (no helmet)
rElec    .         Harm     .   (no cloak)
rCorr    .         Rampage  .   (no gloves)
MR       .....     NoTele   +   (no boots)
Stlth    ..........             (no amulet)
HPRegen  0.00/turn              (no ring)
MPRegen  0.08/turn              (no ring)

@: no status effects
A: rotting body, claws 1, cold resistance 1, negative energy resistance 3,
inhibited regeneration, torment resistance, unbreathing
a: no special abilities


You were in the Dungeon.
You visited 1 branch

Inventory:

Armour
 a - a +0 scale mail (worn)
 b - a +0 kite shield (worn)
Wands
 i - a wand of random effects (23)
Scrolls
 h - a scroll of blinking
Potions
 c - a potion of might
 d - a potion of curing
 f - a potion of haste
 g - 2 potions of magic


   Skills:
 + Level 4.6 Fighting
 + Level 3.8 Armour
 + Level 0.5 Dodging
 + Level 3.9 Shields
 + Level 3.0 Unarmed Combat


You had 2 spell levels left.
You didn't know any spells.
Your spell library was empty.

Dungeon Overview and Level Annotations

Branches:
Dungeon (1/1)

Altars:


Innate Abilities, Weirdness & Mutations

Your body is rotting away.
You thrive by killing the living.
You are immune to poison.
You have sharp fingernails.
Your flesh is cold resistant. (rC+)
You are immune to negative energy. (rN+++)
You do not regenerate when monsters are visible.
You are immune to unholy pain and torment.
You can survive without breathing.


Message History

Evoke which item? (* to show all) (? for menu, Esc to quit)
Aiming: Random Effects
Press: ? - help, Shift-Dir - straight line, f - ogre
Aim: an ogre, wielding a +0 giant club The ogre flickers and vanishes!
Deactivating autopickup; reactivate with Ctrl-A.
Unknown command.
Unknown command.
Something is blocking the doorway!
You block something's attack.
Something is blocking the doorway!
Something hits you!
There is an open door here.
You feel much better. You block something's attack.
Unknown command.
You closely miss something. You scratch something. Something hits you!
Your shield and scale mail prevent you from hitting something.
Something hits you!
You barely miss something. You block something's attack.
You scratch something. Something hits you!
You die...

##########
#<.#..'..#
#..'[.#..+
#.@#### +#
#..# #..#
#..# #⌠⌠#
####


There were no monsters in sight!

Vanquished Creatures
  Ijyb (D)
1 creature vanquished.

Notes
Turn   | Place    | Note
-------+----------+-------------------------------------------
     0 | D        | olmar the Ghoul Fighter began the quest for the Orb.
     0 | D        | Reached XP level 1. HP: 19/19 MP: 0/0
     1 | D        | Noticed Ijyb
    36 | D        | Killed Ijyb
    36 | D        | Reached skill level 4 in Fighting
    36 | D        | Reached XP level 2. HP: 13/28 MP: 1/1
    36 | D        | Reached XP level 3. HP: 16/34 MP: 2/2
   146 | D        | Noticed an ogre
   158 | D        | Slain by an ogre

Illustrated notes

Levels and vault maps discovered:
D:        dungeon_sprint_1 [red_sonja_temple_1, red_sonja_temple_small_1]

Skill      XL: |  1 |
---------------+----+-----
Fighting       | 4 |  4.6
Armour         | 3 |  3.8
Shields        | 3 |  3.9
Unarmed Combat | 3 |  3.0
Dodging        | |  0.5

Action                   || total
-------------------------++-------
Melee: Unarmed           ||    39
Evoke: Wand              ||     1
  Use: Potion            ||     1
Armor: Scale mail        ||    11
Dodge: Dodged            ||     8
Block: Kite shield       ||    12

Table legend: (Time is in decaauts)
 A = Elapsed time spent in this place.
 B = Non-inter-level travel time spent in this place.
 C = Inter-level travel time spent in this place.
 D = Time resting spent in this place.
 E = Time spent auto-exploring this place.
 F = Levels seen in this place.
 G = Mean time per level.
                   A        B        C        D        E       F      G
               +--------+--------+--------+--------+--------+-----+--------+
         Total |    158 |    158 |      0 |    107 |      0 |   1 |  158.0 |
       Dungeon |    158 |    158 |      0 |    107 |      0 |   1 |  158.0 |
               +--------+--------+--------+--------+--------+-----+--------+

Top non-repeatable levels by time:
       D: 158 daAuts
